MID
SOUTH BEND CUBS @ HARTFORD YARD GOATS
08/19/2046
 
TOP OF THE 1ST
South Bend Cubs batting - Pitching for Hartford Yard Goats : RHP Zach Sommer
Pitching: RHP Zach Sommer
Batting: RHB Mike Savage 0-0: Ball
1-0: Foul Ball, location: 2F
1-1: Fly out, F8 (Flyball, 8RXD, EV 97.5 MPH)
Batting: RHB David Barnard 0-0: Swinging Strike
0-1: Ball
1-1: Called Strike
1-2: Foul Ball, location: 2F
1-2: Ball
2-2: Strikes out looking
Batting: RHB Jose Balderrama 0-0: Ball
1-0: Foul Ball, location: 2F
1-1: Called Strike
1-2: Ball
2-2: Ball
3-2: Fly out, F8 (Flyball, 78M, EV 88.1 MPH)
Top of the 1st over - 0 runs, 0 hits, 0 errors, 0 left on base; South Bend 0 - Hartford 0
BOTTOM OF THE 1ST
Hartford Yard Goats batting - Pitching for South Bend Cubs : LHP Jose Urena
Pitching: LHP Jose Urena
Batting: RHB Steve Waltenbery 0-0: Ground out 6-3 (Groundball, 6, EV 81.2 MPH)
Batting: RHB Ernest Olkowicz 0-0: Foul Ball, location: 2F
0-1: Foul Ball, location: 2F
0-2: Ball
1-2: Ground out 6-3 (Groundball, 6, EV 79.4 MPH)
Batting: RHB Andy Solorzano 0-0: Called Strike
0-1: Swinging Strike
0-2: Strikes out looking
Bottom of the 1st over - 0 runs, 0 hits, 0 errors, 0 left on base; South Bend 0 - Hartford 0
TOP OF THE 2ND
South Bend Cubs batting - Pitching for Hartford Yard Goats : RHP Zach Sommer
Batting: LHB Angel Oropeza 0-0: Foul Ball, location: 2F
0-1: Foul Ball, location: 2F
0-2: SINGLE (Line Drive, 8RS, EV 103.1 MPH)
Batting: RHB Brad Santanello 0-0: Called Strike
0-1: Called Strike
0-2: Strikes out swinging
Batting: RHB Ricardo Aguinaga 0-0: Ball
1-0: Foul Ball, location: 2F
1-1: Swinging Strike
1-2: Foul Ball, location: 2F
1-2: Ball
2-2: Foul Ball, location: 2F
2-2: SINGLE (Flyball, 8LS, EV 92.5 MPH)
Angel Oropeza to second
Batting: LHB Mark Huey 0-0: Ball
1-0: Ball
Passed Ball!
Angel Oropeza to third
Ricardo Aguinaga to second
2-0: Ball
3-0: Base on Balls
Batting: RHB Andy Huntley 0-0: Ball
1-0: Ball
2-0: Called Strike
2-1: Ball
Passed Ball!
Angel Oropeza scores
Ricardo Aguinaga to third
Mark Huey to second
3-1: Base on Balls
Batting: RHB Denis Rachin 0-0: Ball
1-0: Swinging Strike
1-1: Called Strike
1-2: Strikes out swinging
Batting: RHB Mike Savage 0-0: Ground out 6-3 (Groundball, P, EV 86.9 MPH)
Top of the 2nd over - 1 run, 2 hits, 0 errors, 3 left on base; South Bend 1 - Hartford 0
BOTTOM OF THE 2ND
Hartford Yard Goats batting - Pitching for South Bend Cubs : LHP Jose Urena
Batting: RHB Max Schellekens 0-0: Ball
1-0: Called Strike
1-1: Ball
2-1: SINGLE (Line Drive, 89S, EV 96.2 MPH)
Batting: RHB Bob Staley 0-0: Called Strike
0-1: Ball
1-1: Foul Ball, location: 2F
1-2: Ball
2-2: Strikes out looking
Batting: RHB Nick Rang 0-0: Foul Ball, location: 2F
0-1: Called Strike
0-2: Ball
1-2: Foul Ball, location: 2F
1-2: Fly out, F7 (Flyball, 7D, EV 96.9 MPH)
Batting: RHB Yamashita Yagi 0-0: Swinging Strike
0-1: Foul Ball, location: 2F
0-2: Ball
1-2: Strikes out swinging
Bottom of the 2nd over - 0 runs, 1 hit, 0 errors, 1 left on base; South Bend 1 - Hartford 0
TOP OF THE 3RD
South Bend Cubs batting - Pitching for Hartford Yard Goats : RHP Zach Sommer
Batting: RHB David Barnard 0-0: Called Strike
0-1: Foul Ball, location: 2F
0-2: Ball
1-2: Ball
2-2: Strikes out swinging
Batting: RHB Jose Balderrama 0-0: Foul Ball, location: 2F
0-1: Ball
1-1: Ball
2-1: Foul Ball, location: 2F
2-2: Single, Error in OF, E8, batter to second base (Groundball, 6MD, EV 98.8 MPH)
Batting: LHB Angel Oropeza 0-0: Ball
1-0: Ground out 6-3 (Groundball, 4M, EV 106.2 MPH)
Jose Balderrama to third
Batting: RHB Brad Santanello 0-0: Ball
1-0: Ground out 5-3 (Groundball, 56S, EV 86.2 MPH)
Top of the 3rd over - 0 runs, 1 hit, 1 error, 1 left on base; South Bend 1 - Hartford 0
BOTTOM OF THE 3RD
Hartford Yard Goats batting - Pitching for South Bend Cubs : LHP Jose Urena
Batting: LHB Eddie Gonzalez 0-0: SINGLE (Line Drive, 9S, EV 108.1 MPH)
Batting: RHB Zach Sommer 0-0: Ball
1-0: Ball
2-0: Ball
3-0: Hit by Pitch
Eddie Gonzalez to second
Batting: RHB Steve Waltenbery 0-0: Ball
1-0: Called Strike
1-1: Ball
2-1: Ball
3-1: Fielders Choice at 2nd, 3-6 (Groundball, 34, EV 91.2 MPH)
Eddie Gonzalez to third
Batting: RHB Ernest Olkowicz 0-0: Foul Ball, location: 2F
0-1: Ball
1-1: Ball
2-1: SINGLE (Groundball, 34D, EV 102.5 MPH)
Eddie Gonzalez scores
Steve Waltenbery to second
Runner from 2nd tries for 3rd, SAFE, throw by RF made to third
Batting: RHB Andy Solorzano 0-0: Ball
1-0: Called Strike
1-1: Called Strike
1-2: Fielders Choice at 2nd, 4-6 (Groundball, 34D, EV 81.2 MPH)
Steve Waltenbery scores
Batting: RHB Max Schellekens 0-0: Called Strike
0-1: Ball
1-1: Foul Ball, location: 2F
1-2: Ball
2-2: Reached on error, E4 (Groundball, 4, EV 101.9 MPH)
Andy Solorzano to third
Batting: RHB Bob Staley 0-0: Called Strike
0-1: Ground out 5-3 (Groundball, 56S, EV 90.6 MPH)
Bottom of the 3rd over - 2 runs, 2 hits, 1 error, 2 left on base; South Bend 1 - Hartford 2
TOP OF THE 4TH
South Bend Cubs batting - Pitching for Hartford Yard Goats : RHP Zach Sommer
Batting: RHB Ricardo Aguinaga 0-0: Called Strike
0-1: Foul Ball, location: 2F
0-2: Strikes out swinging
Batting: LHB Mark Huey 0-0: Ground out 4-3 (Groundball, 4, EV 81.2 MPH)
Batting: RHB Andy Huntley 0-0: Foul Ball, location: 2F
0-1: Called Strike
0-2: Strikes out swinging
Top of the 4th over - 0 runs, 0 hits, 0 errors, 0 left on base; South Bend 1 - Hartford 2
BOTTOM OF THE 4TH
Hartford Yard Goats batting - Pitching for South Bend Cubs : LHP Jose Urena
Batting: RHB Nick Rang 0-0: Ball
1-0: Ball
2-0: Ball
3-0: Base on Balls
Batting: RHB Yamashita Yagi 0-0: Ball
1-0: Called Strike
1-1: Foul Ball, location: 2F
1-2: Strikes out swinging
Batting: LHB Eddie Gonzalez 0-0: Grounds into double play, 4-6-3 (Groundball, 4, EV 91.2 MPH)
Bottom of the 4th over - 0 runs, 0 hits, 0 errors, 0 left on base; South Bend 1 - Hartford 2
TOP OF THE 5TH
South Bend Cubs batting - Pitching for Hartford Yard Goats : RHP Zach Sommer
Batting: RHB Denis Rachin 0-0: Ball
1-0: Ball
2-0: Foul Ball, location: 2F
2-1: Foul Ball, location: 2F
2-2: Ball
3-2: Fly out, F4 (Popup, 4, EV 63.8 MPH)
Batting: RHB Mike Savage 0-0: Called Strike
0-1: Called Strike
0-2: Fly out, F8 (Flyball, 8RM, EV 90.0 MPH)
Batting: RHB David Barnard 0-0: Fly out, F9 (Flyball, 9D, EV 102.5 MPH)
Top of the 5th over - 0 runs, 0 hits, 0 errors, 0 left on base; South Bend 1 - Hartford 2
BOTTOM OF THE 5TH
Hartford Yard Goats batting - Pitching for South Bend Cubs : LHP Jose Urena
Batting: RHB Zach Sommer 0-0: Called Strike
0-1: Ground out 5-3 (Groundball, 56, EV 93.1 MPH)
Batting: RHB Steve Waltenbery 0-0: Ball
1-0: Ball
2-0: Foul Ball, location: 2F
2-1: Ball
3-1: Called Strike
3-2: Foul Ball, location: 2F
3-2: Foul Ball, location: 2F
3-2: Foul Ball, location: 2F
3-2: Ground out 2-3 (Groundball, 15S, EV 73.1 MPH)
Batting: RHB Ernest Olkowicz 0-0: Ball
1-0: Swinging Strike
1-1: Ball
2-1: Swinging Strike
2-2: Strikes out swinging
Bottom of the 5th over - 0 runs, 0 hits, 0 errors, 0 left on base; South Bend 1 - Hartford 2
TOP OF THE 6TH
South Bend Cubs batting - Pitching for Hartford Yard Goats : RHP Zach Sommer
Batting: RHB Jose Balderrama 0-0: Ball
1-0: Ball
2-0: Ball
3-0: Called Strike
3-1: Swinging Strike
3-2: Foul Ball, location: 2F
3-2: Ground out 6-3 (Groundball, 56D, EV 88.8 MPH)
Batting: LHB Angel Oropeza 0-0: Called Strike
0-1: Ball
1-1: Ball
2-1: Ball
3-1: SOLO HOME RUN (Flyball, 9D, EV 96.2 MPH), Distance : 374 ft
Pitching: RHP Vas Karamyshev
Batting: RHB Brad Santanello 0-0: Ball
1-0: DOUBLE (Groundball, 5L, EV 101.2 MPH)
Batting: RHB Ricardo Aguinaga 0-0: Called Strike
0-1: DOUBLE (Line Drive, 7LD, EV 106.9 MPH)
Brad Santanello scores
Batting: LHB Mark Huey 0-0: Ball
1-0: Called Strike
1-1: Called Strike
1-2: Ball
2-2: Strikes out swinging
Batting: RHB Andy Huntley 0-0: Called Strike
0-1: Ball
1-1: Swinging Strike
1-2: Ball
2-2: Strikes out swinging
Top of the 6th over - 2 runs, 3 hits, 0 errors, 1 left on base; South Bend 3 - Hartford 2
BOTTOM OF THE 6TH
Hartford Yard Goats batting - Pitching for South Bend Cubs : LHP Jose Urena
Pitching: LHP Alex Gandarilla
Batting: RHB Andy Solorzano 0-0: Fly out, F9 (Line Drive, 9, EV 96.9 MPH)
Batting: RHB Max Schellekens 0-0: Swinging Strike
0-1: Foul Ball, location: 2F
0-2: Foul Ball, location: 2F
0-2: Ball
1-2: Foul Ball, location: 2F
1-2: Fly out, F9 (Flyball, 89M, EV 95.6 MPH)
Batting: RHB Bob Staley 0-0: Ball
1-0: Called Strike
1-1: Called Strike
1-2: Ball
2-2: Ground out 4-3 (Groundball, 34, EV 76.2 MPH)
Bottom of the 6th over - 0 runs, 0 hits, 0 errors, 0 left on base; South Bend 3 - Hartford 2
TOP OF THE 7TH
South Bend Cubs batting - Pitching for Hartford Yard Goats : RHP Vas Karamyshev
Pitching: RHP Mike Clark
Batting: RHB Denis Rachin 0-0: Called Strike
0-1: Foul Ball, location: 2F
0-2: Ground out 5-3 (Groundball, 56, EV 90.6 MPH)
Batting: RHB Mike Savage 0-0: Called Strike
0-1: Ball
1-1: DOUBLE (Flyball, 78XD, EV 100.0 MPH)
Batting: RHB David Barnard 0-0: Called Strike
0-1: Ball
1-1: Ball
2-1: Called Strike
2-2: Ball
3-2: Strikes out swinging
Batting: RHB Jose Balderrama 0-0: Foul Ball, location: 2F
0-1: Swinging Strike
0-2: Ball
1-2: Ball
2-2: Fly out, F7 (Flyball, 7, EV 85.0 MPH)
Top of the 7th over - 0 runs, 1 hit, 0 errors, 1 left on base; South Bend 3 - Hartford 2
BOTTOM OF THE 7TH
Hartford Yard Goats batting - Pitching for South Bend Cubs : LHP Alex Gandarilla
Pitching: RHP Jake Newman
Batting: RHB Nick Rang 0-0: Ground out 6-3 (Groundball, 56, EV 93.8 MPH)
Batting: RHB Yamashita Yagi 0-0: Foul Ball, location: 2F
0-1: Ball
1-1: Foul Ball, location: 2F
1-2: Ball
2-2: Ball
3-2: Strikes out swinging
Batting: LHB Eddie Gonzalez 0-0: Ball
1-0: SINGLE (Groundball, 4M, EV 106.9 MPH) (infield hit)
Batting: LHB Zack Guillen 0-0: Ball
1-0: Called Strike
1-1: Called Strike
1-2: Ball
2-2: Foul Ball, location: 2F
2-2: DOUBLE (Line Drive, 9LM, EV 109.4 MPH)
Eddie Gonzalez to third
Runner from 3rd tries for Home, throw by RF and OUT! 9-4-2
Bottom of the 7th over - 0 runs, 2 hits, 0 errors, 1 left on base; South Bend 3 - Hartford 2
TOP OF THE 8TH
South Bend Cubs batting - Pitching for Hartford Yard Goats : RHP Mike Clark
Pitching: LHP Ruben Nunez
Pinch Hitting: RHB Puluke Konane 0-0: Ball
1-0: Ball
2-0: SINGLE (Groundball, 4M, EV 104.4 MPH) (infield hit)
Pitching: LHP Steve Lima
Batting: RHB Brad Santanello 0-0: Called Strike
Puluke Konane steals 2nd base
0-1: Ball
1-1: Ground out 6-3 (Groundball, 6, EV 84.4 MPH)
Puluke Konane to third
Batting: RHB Ricardo Aguinaga 0-0: Ball
1-0: Called Strike
1-1: Ball
2-1: Called Strike
2-2: Ball
3-2: Strikes out swinging
Batting: LHB Mark Huey 0-0: Ball
1-0: Called Strike
1-1: Ball
2-1: Foul Ball, location: 2F
2-2: Ground out 5-3 (Groundball, 56S, EV 88.1 MPH)
Top of the 8th over - 0 runs, 1 hit, 0 errors, 1 left on base; South Bend 3 - Hartford 2
BOTTOM OF THE 8TH
Hartford Yard Goats batting - Pitching for South Bend Cubs : RHP Jake Newman
Pitching: LHP Virgílio Beyfus
Now at 1B: Brad Santanello
Now at 3B: Kwang-chih Men
Now in RF: Wing-tat Tai
Batting: RHB Steve Waltenbery 0-0: Ball
1-0: Ball
2-0: Called Strike
2-1: Swinging Strike
2-2: Ball
3-2: Strikes out swinging
Batting: RHB Ernest Olkowicz 0-0: Ball
1-0: Ball
2-0: Ball
3-0: Base on Balls
Batting: RHB Andy Solorzano 0-0: Called Strike
0-1: Ball
1-1: Ball
2-1: Foul Ball, location: 2F
2-2: Ball
3-2: Foul Ball, location: 2F
3-2: Base on Balls
Ernest Olkowicz to second
Batting: RHB Max Schellekens 0-0: Foul Ball, location: 2F
0-1: SINGLE (Groundball, 25, EV 66.9 MPH) (infield hit)
Ernest Olkowicz to third
Andy Solorzano to second
Batting: RHB Bob Staley 0-0: Foul Ball, location: 2F
0-1: Foul Ball, location: 2F
0-2: Foul Ball, location: 2F
0-2: Strikes out swinging
Batting: RHB Nick Rang 0-0: Foul Ball, location: 2F
0-1: Ball
1-1: Swinging Strike
1-2: Strikes out looking
Bottom of the 8th over - 0 runs, 1 hit, 0 errors, 3 left on base; South Bend 3 - Hartford 2
TOP OF THE 9TH
South Bend Cubs batting - Pitching for Hartford Yard Goats : LHP Steve Lima
Pitching: RHP Dane Long
Pinch Hitting: LHB Emir Jalil 0-0: Ball
1-0: Ball
2-0: Ground out 6-3 (Groundball, 6, EV 103.1 MPH)
Batting: RHB Denis Rachin 0-0: Ball
1-0: Foul Ball, location: 2F
1-1: Swinging Strike
1-2: Ball
2-2: Foul Ball, location: 2F
2-2: Fly out, F9 (Line Drive, 9, EV 83.8 MPH)
Batting: RHB Mike Savage 0-0: Ball
1-0: Foul Ball, location: 2F
1-1: Ball
2-1: Swinging Strike
2-2: Ball
3-2: Foul Ball, location: 2F
3-2: Foul Ball, location: 2F
3-2: Foul Ball, location: 2F
3-2: SINGLE (Line Drive, 6MD, EV 100.6 MPH)
Batting: RHB David Barnard 0-0: Ball
Mike Savage steals 2nd base
1-0: Ball
2-0: Foul Ball, location: 2F
2-1: Called Strike
2-2: Strikes out swinging
Top of the 9th over - 0 runs, 1 hit, 0 errors, 1 left on base; South Bend 3 - Hartford 2
BOTTOM OF THE 9TH
Hartford Yard Goats batting - Pitching for South Bend Cubs : LHP Virgílio Beyfus
Now in LF: Benoît Morin
Batting: RHB Yamashita Yagi 0-0: Ball
1-0: Swinging Strike
1-1: Foul Ball, location: 2F
1-2: Ball
2-2: Ball
3-2: Base on Balls
Pinch Hitting: RHB Justin Pellman 0-0: Called Strike
0-1: Ball
1-1: Fly out, F2 (Popup, 2LF, EV 93.1 MPH)
Batting: LHB Zack Guillen 0-0: Ball
1-0: Swinging Strike
1-1: SINGLE (Line Drive, 78S, EV 95.0 MPH)
Yamashita Yagi to second
Batting: RHB Steve Waltenbery 0-0: Ball
1-0: Fly out, F9 (Flyball, 9, EV 93.1 MPH)
Batting: RHB Ernest Olkowicz 0-0: Called Strike
0-1: Fly out, F9 (Line Drive, 89D, EV 94.4 MPH)
Bottom of the 9th over - 0 runs, 1 hit, 0 errors, 2 left on base; South Bend 3 - Hartford 2
Tuesday, September 13th , 2022 - OOTP Baseball 23.7 Build 88